 Dungeon Sprint DCSS version 0.23-a0-650-ga4d50d4 (webtiles) character file.

33215 Leeroy the Barachian Blade (level 13, -4/122 HPs)
             Began as a Barachi Ice Elementalist on Jan 4, 2019.
             Was the Champion of Qazlal.
             Slain by an entropy weaver (6 damage)
             ... in the Dungeon (Sprint V: "Ziggurat Sprint").
             The game lasted 00:29:24 (2294 turns).

Leeroy the Barachian Blade (BaIE)                   Turns: 2294, Time: 00:29:25

Health: -4/122     AC: 11    Str: 11    XL:     13   Next: 69%
Magic:  10/24      EV:  9    Int: 33    God:    Qazlal [******]
Gold:   0          SH: 11    Dex: 11    Spells: 1/24 levels left

rFire    + + +     SeeInvis .   P - +5 triple sword (venom)
rCold    x . .     Gourm    .   (shield currently unavailable)
rNeg     . . .     Faith    .   M - +8 fire dragon scales
rPois    .         Spirit   .   v - +3 helmet of Understanding {rF- Regen+ Int+5}
rElec    .         Reflect  +   (no cloak)
rCorr    .         Harm     .   (no gloves)
MR       .....     NoTele   +   u - +1 pair of boots {Fly}
Stlth    ..........             W - +3 amulet of reflection
HPRegen  0.70/turn              U - ring of Vev Mues {Wiz Slay+6}
MPRegen  0.19/turn              x - ring "Ynoqed" {+Fly rF++ Int+9 Slay+2 Stlth-}

@: lethally poisoned (-4 -> -8), protected from physical damage, corroded, can't
hop, studying Armour, repel missiles, slow
A: +LOS, swims, blurry vision 1, clumsy 1, low mp 1, slowness 1, strong legs 2
a: Hop, Upheaval, Elemental Force, Disaster Area, Renounce Religion, Evoke
Flight


You were in the Dungeon.
You worshipped Qazlal.
Qazlal was exalted by your worship.
You were very hungry.

You visited 1 branch

Inventory:

Hand Weapons
 a - the +5 dagger of Tenacity {freeze, rF+ Int+2 Stlth+}
   (You took it off a deep elf mage in the Dungeon)

   It has been specially enchanted to freeze those struck by it, causing extra
   injury to most foes and up to half again as much damage against particularly
   susceptible opponents.
   It can also slow down cold-blooded creatures.
   It affects your intelligence (+2).
   It protects you from fire.
   It makes you more stealthy.
 y - the +6 rapier of Defiance {pierce, Fragile rF+ Str+7}
   (You found it in the Dungeon)

   It inflicts extra damage upon your enemies.
   It affects your strength (+7).
   It protects you from fire.
   It will be destroyed if unequipped.
 H - the +7 Singing Sword {slice, sonic wave}
   (You found it in the Dungeon)

   It inflicts extra damage upon your enemies.
 I - the +11 plutonium sword {*Contam Stlth-}
   (You found it in the Dungeon)

   It causes magical contamination when unequipped.
   It makes you less stealthy.
 J - the +9 sword of Zonguldrok {reap}
   (You found it in the Dungeon)

   If a monster killed with it leaves a corpse in good enough shape, the corpse
   will be animated as a zombie friendly to the killer.
 O - the +7 shortbow "Alobauga" {freeze, *Contam +Blink rElec rN+++}
   (You found it in the Dungeon)

   It causes projectiles fired from it to freeze those they strike, causing
   extra injury to most foes and up to half again as much damage against
   particularly susceptible opponents.
   They can also slow down cold-blooded creatures.
   It insulates you from electricity.
   It renders you almost immune to negative energy.
   It lets you blink.
   It causes magical contamination when unequipped.
 P - a +5 triple sword of venom (weapon)
Armour
 u - a +1 pair of boots of flying (worn)
 v - the +3 helmet of Understanding (worn) {rF- Regen+ Int+5}
   (You found it in the Dungeon)

   It affects your intelligence (+5).
   It makes you vulnerable to fire.
   It increases your rate of regeneration.
 K - the +15 Maxwell's patent armour {-Cast -Tele rElec MR+ rCorr}
   (You found it in the Dungeon)

   It insulates you from electricity.
   It affects your resistance to hostile enchantments.
   It prevents spellcasting.
   It prevents most forms of teleportation.
   It provides partial protection from all sources of acid and corrosion.
 L - the +18 shield of the Gong {rElec rN+ MR+ EV-5}
   (You found it in the Dungeon)

   It affects your evasion (-5).
   It insulates you from electricity.
   It protects you from negative energy.
   It affects your resistance to hostile enchantments.
 M - +8 fire dragon scales (worn)
 N - +6 ice dragon scales
Magical Staves
 A - an uncursed staff of energy
Jewellery
 w - the ring of Vouptuv {rC+ Str+6 SInv}
   (You found it in the Dungeon)

   [ring of see invisible]

   It affects your strength (+6).
   It protects you from cold.
   It lets you see invisible.
 x - the ring "Ynoqed" (right hand) {+Fly rF++ Int+9 Slay+2 Stlth-}
   (You found it in the Dungeon)

   [ring of flight]

   It affects your intelligence (+9).
   It affects your accuracy and damage with ranged weapons and melee attacks
   (+2).
   It greatly protects you from fire.
   It lets you fly.
   It makes you less stealthy.
 z - the amulet "Pemunumarch" {Spirit rElec rF- Dex-4 SInv}
   (You found it in the Dungeon)

   [amulet of guardian spirit]

   It causes incoming damage to be split between your health and magic.
   It affects your dexterity (-4).
   It makes you vulnerable to fire.
   It insulates you from electricity.
   It lets you see invisible.
 S - an uncursed ring of protection from cold
 U - the ring of Vev Mues (left hand) {Wiz Slay+6}
   (You found it in the Dungeon)

   [ring of wizardry]

   It improves your spell success rate.
   It affects your accuracy and damage with ranged weapons and melee attacks
   (+6).
 V - an uncursed ring of protection from fire
 W - a +3 amulet of reflection (around neck)
 X - an uncursed ring of resist corrosion
 Y - the ring "Colaeck" {Str+2 Int+5 Dex+3}
   (You took it off a guardian mummy in the Dungeon)

   [ring of dexterity]

   It affects your strength (+2).
   It affects your intelligence (+5).
   It affects your dexterity (+3).
Wands
 C - a wand of disintegration (7)
 D - a wand of iceblast (7)
 E - a wand of acid (7)
Scrolls
 i - 4 scrolls of blinking
 o - 3 scrolls of amnesia
 p - 7 scrolls of fog
 q - a scroll of holy word
 r - 5 scrolls of identify
 s - 5 scrolls of remove curse
 t - 2 scrolls of fear
Potions
 b - 2 potions of brilliance
 d - 8 potions of curing
 e - 6 potions of heal wounds
 f - 10 potions of haste
 g - 6 potions of magic
 h - 3 potions of berserk rage
 j - 2 potions of invisibility
 k - 4 potions of resistance
 l - a potion of experience
 m - 6 potions of agility
 n - 5 potions of might
Books
 G - a manual of Armour
Miscellaneous
 B - a crystal ball of energy
 F - a lightning rod (4/4)
 Q - 2 phantom mirrors
 R - 2 boxes of beasts
 T - a phial of floods
 Z - a fan of gales
Comestibles
 c - 7 rations


   Skills:
 - Level 18.0 Fighting
 - Level 24.0 Long Blades
 * Level 15.2 Armour
 - Level 2.1 Dodging
 - Level 1.7 Stealth
 - Level 6.4 Spellcasting
 - Level 8.4 Conjurations
 * Level 2.3 Fire Magic
 - Level 5.3 Ice Magic
 + Level 19.8 Invocations


You had one spell level left.
You knew the following spells:

 Your Spells              Type           Power        Failure   Level  Hunger
a - Iskenderun's Mystic   Conj           ######..     2%          4    ##.....
b - Throw Icicle          Conj/Ice       ######..     4%          4    ##.....
c - Summon Ice Beast      Ice/Summ       ####....     24%         4    ##.....
d - Confuse               Hex            ##......     21%         3    None
e - Fireball              Conj/Fire      #####.....   21%         5    ####...
f - Dazzling Spray        Conj/Hex       #####.       4%          3    None

Your spell library contained the following spells:

 Spells                   Type           Power        Failure   Level  Hunger
 Freeze                   Ice            ####         1%          1    None
 Animate Skeleton         Necr           N/A          8%          1    None
 Apportation              Tloc           ##....       8%          1    None
 Confusing Touch          Hex            ##....       8%          1    None
 Corona                   Hex            ##.....      8%          1    None
 Summon Small Mammal      Summ           ##..         8%          1    None
 Throw Frost              Conj/Ice       ######       1%          2    None
 Ensorcelled Hibernation  Hex/Ice        ####..       3%          2    None
 Ozocubu's Armour         Chrm/Ice       ####....     8%          3    None
 Shroud of Golubria       Chrm/Tloc      ##........   11%         2    None
 Sticks to Snakes         Tmut           ##......     11%         2    None
 Sublimation of Blood     Necr           ##........   11%         2    None
 Force Lance              Conj/Tloc      #####...     13%         4    ##.....
 Fulminant Prism          Conj/Hex       #####.....   13%         4    ##.....
 Ignite Poison            Fire/Tmut/Pois ###.....     16%         3    None
 Portal Projectile        Hex/Tloc       ##....       21%         3    None
 Recall                   Summ/Tloc      N/A          21%         3    None
 Summon Guardian Golem    Hex/Summ       ##......     21%         3    None
 Irradiate                Conj/Tmut      #####.....   32%         5    ####...
 Venom Bolt               Conj/Pois      #####.....   32%         5    ####...
 Animate Dead             Necr           N/A          54%         4    ##.....
 Cause Fear               Hex            ##........   54%         4    ##.....
 Leda's Liquefaction      Hex/Erth       ##........   54%         4    ##.....
 Passage of Golubria      Tloc           N/A          54%         4    ##.....
 Petrify                  Tmut/Erth      ##......     54%         4    ##.....
 Bolt of Fire             Conj/Fire      #####.....   71%         6    ######.
 Alistair's Intoxication  Tmut/Pois      ##......     86%         5    ####...
 Borgnjor's Vile Clutch   Necr/Erth      ##........   86%         5    ####...
 Silence                  Hex/Air        ##........   86%         5    ####...
 Summon Forest            Summ/Tloc      ##........   86%         5    ####...
 Summon Mana Viper        Hex/Summ       ##......     86%         5    ####...
 Simulacrum               Ice/Necr       ####......   97%         6    ######.
 Darkness                 Hex            ##........   100%        6    ######.
 Death Channel            Necr           ##........   100%        6    ######.
 Hydra Form               Tmut           ##........   100%        6    ######.
 Statue Form              Tmut/Erth      ##.......    100%        6    ######.
 Ring of Flames           Chrm/Fire      ###.......   100%        7    #######
 Ignition                 Fire           ####......   100%        8    #######


Dungeon Overview and Level Annotations

Branches:
Dungeon (1/1)

Altars:
Ashenzari
Cheibriados
Dithmenos
Elyvilon
Fedhas
Gozag
Hepliaklqana
Kikubaaqudgha
Makhleb
Nemelex Xobeh
Okawaru
Qazlal
Ru
Sif Muna
Trog
Uskayaw
Vehumet
Wu Jian
Xom
Yredelemnul
Zin
The Shining One
Beogh
Jiyva
Lugonu

Annotations:
D 1 transporter


Innate Abilities, Weirdness & Mutations

Shadows flee at your approach. (+LOS)
You can swim through water.
You cover ground slowly.
You can hop long distances.
Scrolls take you a little longer to read.
You are clumsy. (Dex -2)
Your magical capacity is low. (-10% MP)


Message History

Unknown command.
Unknown command.
Unknown command.
Unknown command.
Unknown command.
Unknown command.
Unknown command.
Unknown command.
You feel much better.
You feel sick.
The entropy weaver hits you but does no damage.
The entropy weaver completely misses you.
The entropy weaver hits you with an uncursed staff of power!
* * * LOW HITPOINT WARNING * * *
You feel more protected from physical attacks.
You block the entropy weaver's attack. The entropy weaver hits you!
* * * LOW HITPOINT WARNING * * *
The entropy weaver hits you!
* * * LOW HITPOINT WARNING * * *
The entropy weaver hits you.
You die...

▓▓▓▓▓▓▓▓▓▓ ▓▓▓▓
▓.....8©8. ▓...
▓...))|?}) ▓..)
▓.s..}::}):...▓..)
▓○°°..........▓...
▓.a°..........▓...
▓@a≈.≈≈..†....▓...
▓.s°.≈........▓...
▓○....†...... ▓...
▓..▓†...†..▓ ▓...
▓.▓▓▓..†..▓▓ ▓...
▓..▓....†..▓..▓...
▓.............▓▓▓▓
▓......©......▓...
▓▓▓▓▓▓▓▓▓▓▓▓▓▓▓..=


You could see an emperor scorpion, 2 entropy weavers and an orb spider.

Vanquished Creatures
  2 fire giants (D)
  A draconian stormcaller (D)
  A draconian shifter (D)
  A green draconian (D)
  4 black draconians (D)
  2 red draconians (D)
  2 yellow draconians (D)
  2 death oozes (D)
  3 fire dragons (D)
  A mummy priest (D)
  A great orb of eyes (D)
  A dancing weapon (D)
  A hell hog (D)
  2 deep elf knights (D)
  A deep elf archer (D)
  4 deep elf magi (D)
  An orb spider (D)
  3 wolf spiders (D)
  A shining eye (D)
  A moth of wrath (D)
  An eye of devastation (D)
  A spiny frog (shapeshifter) (D)
  A torpor snail (D)
  2 demonic crawlers (D)
  6 hornets (D)
  4 guardian mummies (D)
  3 jumping spiders (D)
  4 slime creatures (D)
  3 redbacks (D)
  4 tarantellas (D)
  2 fire elementals (D)
  A golden eye (D)
  A naga (D)
  2 hell hounds (D)
  2 water moccasins (D)
  2 floating eyes (D)
  2 phantoms (D)
  An eye of draining (D)
  6 black bears (D)
  2 wolves (D)
  2 necrophages (D)
  4 scorpions (D)
  2 jellies (D)
  2 orc wizards (D)
  8 mummies (D)
  2 adders (D)
  2 oozes (D)
  4 adder zombies (D)
  2 bat skeletons (D)
  A bat zombie (D)
  4 ball pythons (D)
  A leopard gecko skeleton (D)
  A leopard gecko zombie (D)
  2 fire vortices (D)
122 creatures vanquished.

Vanquished Creatures (others)
  A bat simulacrum (D)
  A fire vortex (D)
2 creatures vanquished.

Grand Total: 124 creatures vanquished

Notes
Turn   | Place    | Note
-------+----------+-------------------------------------------
     0 | D        | Found the +6 Majin-Bo {vamp, Archmagi MP+6 Int+6}
     0 | D        | Found the +7 great mace "Firestarter" {inner flame, rF++}
     0 | D        | Leeroy the Barachi Ice Elementalist began the quest for the
                  | Orb.
     0 | D        | Reached XP level 1. HP: 13/13 MP: 3/3
     0 | D        | Found a transporter.
     0 | D        | Found an ancient bone altar of Kikubaaqudgha.
     0 | D        | Found a viscous altar of Jiyva.
     0 | D        | Found a corrupted altar of Lugonu.
     0 | D        | Found a hazy altar of Hepliaklqana.
     0 | D        | Found a burning altar of Makhleb.
     0 | D        | Found an opulent altar of Gozag.
    24 | D        | Found the +6 shillelagh "Devastator" {shatter}
    24 | D        | Found the +11 plutonium sword {*Contam Stlth-}
    24 | D        | Found the +8 lance "Wyrmbane" {slay drac, rPois rF+ rC+
                  | AC+3}
    24 | D        | Found the +9 sword of Zonguldrok {reap}
    24 | D        | Found the cursed +13 scythe of Curses {drain, *Curse}
    24 | D        | Found the +0 sword of Power
    24 | D        | Found the +7 mace of Variability {chain chaos}
    24 | D        | Found the +7 Singing Sword {slice, sonic wave}
    24 | D        | Found the +7 longbow "Piercer" {penet, EV-2}
    26 | D        | Found the +9 heavy crossbow "Sniper" {velocity, Acc+∞ SInv}
    26 | D        | Found the +10 dark maul {crush}
    26 | D        | Found the +15 Maxwell's patent armour {-Cast -Tele rElec
                  | MR+ rCorr}
    26 | D        | Found the +18 shield of the Gong {rElec rN+ MR+ EV-5}
    26 | D        | Found the cursed +14 obsidian axe {chop, +Fly SInv *Curse}
    81 | D        | Became a worshipper of Qazlal Stormbringer
    89 | D        | Entered arena 2.
    89 | D        | Noticed an orc wizard
    89 | D        | Noticed an orc wizard
    89 | D        | Found a transporter.
   102 | D        | Killed an orc wizard
   102 | D        | Reached skill level 6 in Long Blades
   102 | D        | Reached XP level 2. HP: 9/19 MP: 5/5
   102 | D        | Reached XP level 3. HP: 12/24 MP: 6/6
   109 | D        | Reached skill level 8 in Long Blades
   345 | D        | Entered arena 3.
   345 | D        | Noticed a scorpion
   345 | D        | Noticed a scorpion
   345 | D        | Noticed a scorpion
   345 | D        | Found a transporter.
   351 | D        | Killed a scorpion
   351 | D        | Reached * piety under Qazlal
   351 | D        | Reached skill level 10 in Long Blades
   351 | D        | Reached XP level 4. HP: 25/30 MP: 7/7
   355 | D        | Reached skill level 12 in Long Blades
   355 | D        | Reached XP level 5. HP: 27/35 MP: 8/8
   359 | D        | Reached skill level 13 in Long Blades
   593 | D        | Entered arena 4.
   593 | D        | Noticed a tarantella
   593 | D        | Noticed a tarantella
   593 | D        | Noticed a jumping spider
   593 | D        | Found a transporter.
   595 | D        | Reached ** piety under Qazlal
   595 | D        | Reached XP level 6. HP: 41/41 MP: 9/9
   597 | D        | Killed a tarantella
   597 | D        | Reached skill level 15 in Long Blades
   599 | D        | Killed a tarantella
   599 | D        | Reached skill level 16 in Long Blades
   599 | D        | Reached XP level 7. HP: 46/46 MP: 10/10
   618 | D        | Killed a jumping spider
   618 | D        | Reached skill level 5 in Invocations
   623 | D        | Got the ring of Vev Mues {Wiz Slay+6}
   814 | D        | Entered arena 5.
   814 | D        | Noticed a naga
   814 | D        | Found a transporter.
   818 | D        | Reached *** piety under Qazlal
   823 | D        | Reached XP level 8. HP: 41/52 MP: 11/13
   829 | D        | Reached skill level 17 in Long Blades
   848 | D        | Learned a level 4 spell: Throw Icicle
   853 | D        | Learned a level 4 spell: Summon Ice Beast
  1058 | D        | Entered arena 6.
  1058 | D        | Found a transporter.
  1063 | D        | Reached **** piety under Qazlal
  1081 | D        | Got Sif Muna's Tome of Enchantment
  1116 | D        | Entered arena 7.
  1116 | D        | Found a transporter.
  1118 | D        | Reached ***** piety under Qazlal
  1126 | D        | Reached skill level 5 in Ice Magic
  1139 | D        | Got Dyifri's Catalogue of Evil and Changing
  1147 | D        | Got the +3 helmet of Understanding {rF- Regen+ Int+5}
  1158 | D        | Got the amulet "Pemunumarch" {Spirit rElec rF- Dex-4 SInv}
  1161 | D        | Entered arena 8.
  1161 | D        | Noticed an eye of devastation
  1161 | D        | Noticed a shining eye
  1161 | D        | Found a transporter.
  1163 | D        | Paralysed by a floating eye for 3 turns
  1163 | D        | Gained mutation: Scrolls take you a little longer to read.
                  | [a shining eye]
  1165 | D        | Reached skill level 18 in Long Blades
  1173 | D        | Gained mutation: Your magical capacity is low. (-10% MP) [a
                  | shining eye]
  1174 | D        | Reached XP level 9. HP: 57/57 MP: 1/13
  1175 | D        | Killed a shining eye
  1175 | D        | Reached ****** piety under Qazlal
  1175 | D        | Reached skill level 19 in Long Blades
  1177 | D        | Killed an eye of devastation
  1177 | D        | Reached skill level 10 in Invocations
  1183 | D        | Got the Papyrus of the Shifting Compass
  1195 | D        | Got the ring of Vouptuv {rC+ Str+6 SInv}
  1360 | D        | Entered arena 9.
  1360 | D        | Found a transporter.
  1390 | D        | Got the +1 chain mail of the Eternal Void {+Fly Str+5
                  | Dex-4}
  1393 | D        | Got the +6 rapier of Defiance {pierce, Fragile rF+ Str+7}
  1397 | D        | Entered arena 10.
  1397 | D        | Found a transporter.
  1402 | D        | Reached skill level 20 in Long Blades
  1457 | D        | Learned a level 3 spell: Confuse
  1464 | D        | Entered arena 11.
  1464 | D        | Noticed a deep elf knight
  1464 | D        | Noticed a +3 dire flail of protection
  1464 | D        | Noticed a deep elf archer
  1464 | D        | Noticed a deep elf mage
  1464 | D        | Noticed a spiny frog
  1464 | D        | Noticed a deep elf mage
  1464 | D        | Noticed a deep elf knight
  1464 | D        | Noticed a deep elf mage
  1464 | D        | Noticed a deep elf mage
  1464 | D        | Found a transporter.
  1465 | D        | Identified the +5 dagger of Tenacity {freeze, rF+ Int+2
                  | Stlth+}
  1466 | D        | Killed a deep elf archer
  1466 | D        | Reached XP level 10. HP: 62/62 MP: 12/17
  1466 | D        | Killed a deep elf mage
  1466 | D        | Reached skill level 21 in Long Blades
  1467 | D        | Killed a spiny frog
  1470 | D        | Killed a +3 dire flail of protection
  1470 | D        | Killed a deep elf knight
  1470 | D        | Reached skill level 22 in Long Blades
  1471 | D        | Killed a deep elf mage
  1471 | D        | Killed a deep elf mage
  1473 | D        | Killed a deep elf knight
  1473 | D        | Reached XP level 11. HP: 62/67 MP: 5/19
  1475 | D        | Killed a deep elf mage
  1475 | D        | Reached skill level 23 in Long Blades
  1532 | D        | Entered arena 12.
  1532 | D        | Noticed a wolf spider
  1532 | D        | Noticed a moth of wrath
  1533 | D        | Reached skill level 15 in Invocations
  1534 | D        | Killed a moth of wrath
  1535 | D        | Found a transporter.
  1536 | D        | Killed a wolf spider
  1541 | D        | Reached skill level 10 in Fighting
  1570 | D        | Got the ring "Ynoqed" {+Fly rF++ Int+9 Slay+2 Stlth-}
  1873 | D        | Entered arena 13.
  1873 | D        | Noticed a red draconian
  1873 | D        | Noticed a yellow draconian
  1873 | D        | Noticed a black draconian
  1873 | D        | Noticed a black draconian
  1873 | D        | Noticed a green draconian
  1873 | D        | Noticed a black draconian
  1873 | D        | Noticed a black draconian stormcaller
  1873 | D        | Noticed a yellow draconian
  1873 | D        | Noticed a purple draconian shifter
  1873 | D        | Noticed a black draconian
  1873 | D        | Noticed a red draconian
  1874 | D        | Found the +3 giant club "Skullcrusher" {speed, Str+7}
  1875 | D        | Killed a purple draconian shifter
  1875 | D        | Killed a black draconian
  1875 | D        | Reached skill level 15 in Fighting
  1875 | D        | Killed a green draconian
  1875 | D        | Killed a black draconian
  1875 | D        | Reached XP level 12. HP: 88/112 MP: 21/21
  1875 | D        | Killed a red draconian
  1876 | D        | Found a transporter.
  1879 | D        | Killed a red draconian
  1879 | D        | Reached skill level 5 in Spellcasting
  1879 | D        | Killed a black draconian
  1880 | D        | Killed a yellow draconian
  1880 | D        | Reached skill level 5 in Armour
  1880 | D        | Killed a yellow draconian
  1880 | D        | Killed a black draconian
  1887 | D        | Killed a black draconian stormcaller
  1918 | D        | Got An Early Guide to Thaumaturgy
  1929 | D        | Learned a level 4 spell: Iskenderun's Mystic Blast
  1935 | D        | Learned a level 5 spell: Fireball
  1945 | D        | Entered arena 14.
  1945 | D        | Noticed a death ooze
  1945 | D        | Noticed a death ooze
  1945 | D        | Noticed a great orb of eyes
  1947 | D        | Killed a death ooze
  1947 | D        | Reached skill level 10 in Armour
  1951 | D        | Killed a death ooze
  1955 | D        | Gained mutation: You can hop long distances. [Barachi
                  | growth]
  1955 | D        | Reached XP level 13. HP: 122/122 MP: 11/23
  1958 | D        | Killed a great orb of eyes
  1959 | D        | Found a transporter.
  2016 | D        | Entered arena 15.
  2016 | D        | Noticed a fire dragon
  2016 | D        | Noticed a fire dragon
  2016 | D        | Noticed a fire giant
  2016 | D        | Noticed a fire dragon
  2018 | D        | Noticed a fire giant
  2026 | D        | Killed a fire giant
  2026 | D        | Reached skill level 5 in Conjurations
  2027 | D        | Killed a fire dragon
  2030 | D        | Killed a fire dragon
  2034 | D        | Killed a fire dragon
  2038 | D        | Killed a fire giant
  2038 | D        | Reached skill level 24 in Long Blades
  2040 | D        | Found a transporter.
  2048 | D        | Got the Papyrus of Freezing Toxins
  2055 | D        | Got the Catalogue of Enchanting Confrontation
  2114 | D        | Entered arena 16.
  2115 | D        | Identified the ring "Colaeck" {Str+2 Int+5 Dex+3}
  2115 | D        | Identified the +3 troll leather armour "Toczal" {+Inv rF+
                  | Regen+ Dex-5}
  2115 | D        | Noticed a mummy priest
  2124 | D        | Found a transporter.
  2126 | D        | Gained mutation: You are clumsy. (Dex -2) [a neqoxec]
  2128 | D        | Killed a mummy priest
  2152 | D        | Got the Reference Book on Warped Malediction
  2157 | D        | Learned a level 3 spell: Dazzling Spray
  2180 | D        | Got the +7 shortbow "Alobauga" {freeze, *Contam +Blink
                  | rElec rN+++}
  2269 | D        | Entered arena 17.
  2270 | D        | Noticed an emperor scorpion
  2271 | D        | Identified the ring "Baph" {Ice rPois rN+ Dex+4 Slay-4}
  2271 | D        | Noticed an entropy weaver
  2272 | D        | Noticed an entropy weaver
  2284 | D        | Found a transporter.
  2288 | D        | Reached skill level 15 in Armour
  2288 | D        | Reached skill level 1 in Fire Magic
  2294 | D        | HP: 2/122 [entropy weaver (9)]
  2294 | D        | Slain by an entropy weaver

Vault maps used:
D:        sprint_v

Skill      XL: |  1  2  3  4  5  6  7  8  9 10 11 12 13 |
---------------+----------------------------------------+-----
Long Blades    | 6 10 12 13 16 18 20 22 23 24 | 24.0
Invocations    | 6 8 12 14 16 18 19 | 19.8
Armour         | 3 11 15 | 15.2
Ice Magic      | 5 |  5.3
Fighting       | 16 18 | 18.0
Spellcasting   | 4 6 |  6.4
Conjurations   | 3 8 |  8.4
Fire Magic     | 2 |  2.3
Dodging        | |  2.1
Stealth        | |  1.7

Action                   |  1- 3 |  4- 6 |  7- 9 | 10-12 | 13-15 || total
-------------------------+-------+-------+-------+-------+-------++-------
Melee: Demon blade       |    23 |    12 |    27 |       |       ||    62
       Double sword      |       |       |    44 |    28 |    35 ||   107
       Triple sword      |       |       |       |       |    13 ||    13
 Cast: Fireball          |       |       |       |       |     2 ||     2
       Dazzling Spray    |       |       |       |       |     2 ||     2
Invok: Upheaval          |       |       |     1 |     8 |     8 ||    17
       Disaster Area     |       |       |       |     1 |       ||     1
 Abil: Stop Flying       |       |       |       |     1 |       ||     1
       Hop               |       |       |       |       |     2 ||     2
Evoke: Lightning rod     |       |     2 |       |       |       ||     2
  Use: Scroll            |       |       |     4 |     2 |       ||     6
       Potion            |       |       |       |     2 |     7 ||     9
 Stab: Invisible         |       |       |       |       |     1 ||     1
  Eat: Chunk             |       |       |     2 |     1 |     1 ||     4
Armor: Plate armour      |    14 |     4 |    25 |    22 |     8 ||    73
       Fire dragon scale |       |       |       |       |    36 ||    36
Dodge: Dodged            |       |       |       |       |    18 ||    18
Block: Shield            |    32 |    16 |    97 |    44 |    35 ||   224
       Reflection        |       |       |       |     3 |       ||     3
       Other             |       |       |       |       |    30 ||    30
       Rpst.: Triple sword |       |       |       |       |     3 ||     3

Table legend:
 A = Non-vault XP
 B = Vault XP
 C = Vault XP percentage of total XP
 D = Non-vault monster count
 E = Vault monster count
 F = Vault count percentage of total count
                 A         B        C        D         E       F
            +---------+---------+-------+---------+---------+-------
      Total |       0 |   47451 | 100.0 |       0 |     120 | 100.0
            +---------+---------+-------+---------+---------+-------
          D |       0 |   47451 | 100.0 |       0 |     120 | 100.0
            +---------+---------+-------+---------+---------+-------
